AoeStats
← LoVEitx3

Arena

509145977Analyzed
2v2 RM · 6d ago on Sep 25, 2026· 56m 30s· 4 players
Game mode
Random Map
Map size
Medium (4 player)
Population
200
Speed
Normal
Resources
Standard
Victory
Conquest
Starting age
Dark Age
Ending age
Imperial Age
RankedLock teamsTeams togetherTeam positionsShared explorationLock speedFull tech treeHidden civsTurbo modeCheats
Victory
Defeat
🇦🇷 Gurjaras · Argentina
572
+11
🇨🇭 Britons · Switzerland
498
+15
🇺🇸 Franks · United States
463
-20
🇺🇸 Vikings · United States
463
-20
HarmsWay27
11:51 Feudal Age
12:03 Feudal Age
17:21 Wheelbarrow
20:42 Castle Age
30:36 Husbandry
31:31 Scale Barding Armor
31:38 Forging
31:30 Scale Mail Armor
39:59 Imperial Age
40:01 Chain Barding Armor
40:22 Hand Cart
TristanQ1
13:22 Feudal Age
15:24 Scale Mail Armor
16:53 Man-at-Arms
17:49 Horse Collar
18:08 Arson
20:50 Castle Age
20:14 Forging
20:11 Scale Barding Armor
27:15 Long Swordsman
34:11 Guard Tower
35:35 Chain Barding Armor
41:14 Imperial Age
42:37 Siege Engineers
42:04 Elite Berserk
42:37 Cavalier
49:02 Ballistics
51:15 Two-Handed Swordsman
53:43 Champion
LoVEitx3
11:55 Feudal Age
12:22 Double-Bit Axe
12:30 Gold Mining
13:20 Stone Mining
13:13 Horse Collar
20:21 Castle Age
19:59 Wheelbarrow
22:40 Bow Saw
23:22 Gold Shaft Mining
22:50 Heavy Plow
26:06 Caravan
27:51 Yeomen
27:20 Crossbowman
30:16 Padded Archer Armor
31:48 Hand Cart
31:57 Fortified Wall
36:43 Imperial Age
35:09 Leather Archer Armor
37:12 Fletching
38:28 Two-Man Saw
37:04 Elite Longbowman
38:30 Warwolf
38:53 Conscription
39:24 Hoardings
40:19 Chemistry
40:00 Arbalester
41:17 Ring Archer Armor
41:43 Bodkin Arrow
44:06 Masonry
44:07 Bracer
45:31 Ballistics
47:51 Forging
47:41 Scale Mail Armor
52:06 Iron Casting
51:46 Chain Mail Armor
51:09 Sappers
51:33 Guard Tower
51:29 Arrowslits
53:01 Cranequins
53:20 Cranequins
The_Duck
9:15 Loom
11:03 Feudal Age
12:15 Double-Bit Axe
19:57 Castle Age
20:25 Castle Age
18:33 Horse Collar
18:50 Fletching
19:11 Forging
18:55 Stone Mining
18:59 Gold Mining
24:27 Bow Saw
30:03 Ballistics
29:39 Murder Holes
32:50 Imperial Age
33:05 Bodkin Arrow
33:45 Iron Casting
33:16 Scale Barding Armor
33:13 Scale Mail Armor
33:14 Padded Archer Armor
36:04 Chemistry
34:32 Elite Shrivamsha Rider
35:31 Heavy Plow
36:47 Bracer
38:49 Kshatriyas
39:42 Husbandry
45:17 Chain Barding Armor
45:13 Chain Mail Armor
45:18 Leather Archer Armor
50:15 Frontier Guards
49:29 Heavy Scorpion
51:57 Plate Barding Armor
51:52 Plate Mail Armor
Connection lost

Rejoining the realm…

Still unreachable

The connection could not be restored.

Session expired

The server has moved on; the page needs a fresh start.